 Dungeon Crawl Stone Soup version 0.31-a0-187-gba352fbbf7 (webtiles) character file.

Game seed: 5709448030516024776

133 qw the Skirmisher (level 4, -9/25 HPs)
             Began as a Deep Elf Hunter on June 22, 2023.
             Mangled by Edmund
             ... wielding a +2 heavy flail
              (10 damage)
             ... on level 4 of the Dungeon.
             The game lasted 00:00:50 (2041 turns).

qw the Skirmisher (Deep Elf Hunter)                 Turns: 2041, Time: 00:00:50

Health: -9/25      AC:  8    Str: 10    XL:     4   Next: 94%
Magic:  0/6        EV: 12    Int: 14    God:
Gold:   194        SH:  0    Dex: 24    Spells: 3/3 levels left

rFire   . . .        Y - +0 shortbow
rCold   . . .        (shield currently unavailable)
rNeg    . . .        l - +0 ring mail
rPois   +            m - +1 helmet
rElec   .            (no cloak)
rCorr   .            (no gloves)
SInv    .            a - +0 pair of boots
Will    .....        g - amulet of guardian spirit
Stlth   ++           k - ring of poison resistance
HPRegen 0.24/turn    i - +6 ring of dexterity
MPRegen 0.10/turn

%: guardian spirit
@: no status effects
A: no striking features
a: no special abilities


You were on level 4 of the Dungeon.
You visited 1 branch of the dungeon, and saw 4 of its levels.

You collected 194 gold pieces.


   Skills:
 - Level 1.5 Fighting
 + Level 8.1 Ranged Weapons
 - Level 3.0 Dodging
 - Level 1.2 Stealth


You had 3 spell levels left.
You didn't know any spells.
Your spell library was empty.

Inventory:

Hand Weapons
 Y - a +0 shortbow (weapon)
Armour
 a - a +0 pair of boots (worn)
 l - a +0 ring mail (worn)
 m - a +1 helmet (worn)
Jewellery
 c - a +4 ring of protection
 g - an amulet of guardian spirit (around neck)
 i - a +6 ring of dexterity (right hand)
 k - a ring of poison resistance (left hand)
Scrolls
 e - 3 scrolls of identify
Potions
 h - 2 potions of curing

Dungeon Overview and Level Annotations

Branches:
Dungeon (4/15)
 Temple: D:4-7

Altars:

Annotations:
D:4 Edmund


Message History

The arrow hits the gnoll but does no damage.
The gnoll is heavily wounded.
The gnoll barely misses you.
The gnoll hits you from afar with a +0 spear.
Something hits you but does no damage.
2033 ||| DRINKING potion of heal wounds.
You feel much better. The gnoll hits you with a +0 spear.
The gnoll hits you from afar with a +0 spear.
You hear some strange, mumbled words.
A magic dart appears from out of thin air!
The magic dart hits you.
You shoot an arrow. The arrow hits the gnoll.
The gnoll is almost dead.
The gnoll misses you. The gnoll barely misses you. Something hits you.
You shoot an arrow. The arrow hits the gnoll.
You kill the gnoll!
The gnoll barely misses you. Something hits you but does no damage.
You shoot an arrow.
The arrow hits Edmund but does no damage.
The gnoll hits you from afar with a +0 spear.
Something hits you. Edmund closely misses you.
You shoot an arrow. The arrow barely misses Edmund.
The gnoll barely misses you. Something hits you. Edmund misses you.
The gnoll closely misses you. Something hits you but does no damage.
You shoot an arrow.
The arrow hits Edmund but does no damage.
Edmund misses you. The gnoll closely misses you.
Something completely misses you.
You shoot an arrow.
The arrow hits Edmund but does no damage.
The gnoll hits you from afar with a +0 spear.
Something hits you but does no damage.
You shoot an arrow.
The arrow hits Edmund but does no damage.
Edmund hits you with a +2 heavy flail. The gnoll barely misses you.
Something hits you but does no damage.
You shoot an arrow. The arrow closely misses Edmund.
Edmund hits you with a +2 heavy flail!
You die...

# .. #. ... .#. . .###..
# ..# . ..#.###. ... ..
...#...###.. #..
g..#....#.###.#
##@..#..>..#...###
#@###.#....#....#.
#...o{#...###...#.....#
#......#....#.###.#....#
.#.....#.....#...###...#
#......#....#....#.###.
#.....###...#.....#...#
..#.###...###.#....#....
.###...... ..###.(.#....
###...### ..###.#...


You could see Edmund, a gnoll and an orc.

Vanquished Creatures
  2 gnolls (D:4)
  6 adders
  4 orcs (D:3)
  4 ball pythons
  4 bats
  6 endoplasms
  3 giant cockroaches
  5 goblins
  2 hobgoblins
  7 jackals
  2 quokkas
  A frilled lizard (D:2)
  8 kobolds
  2 rats
56 creatures vanquished.

Notes
Turn   | Place    | Note
-------+----------+-------------------------------------------
     0 | D:1      | qw the Deep Elf Hunter began the quest for the Orb.
     0 | D:1      | Reached XP level 1. HP: 12/12 MP: 3/3
     0 | D:1      | 0 ||| qw: Version: 0.3-a-9-g12657ce
     0 | D:1      | 0 ||| qw: Game counter: 2685
     0 | D:1      | 0 ||| qw: Always use a shield: true
     0 | D:1      | 0 ||| qw: God list: Okawaru
     0 | D:1      | 0 ||| qw: Allow faded altars: false
     0 | D:1      | 0 ||| qw: Do Orc after D:15 true
     0 | D:1      | 0 ||| qw: Do second Lair branch before Depths: true
     0 | D:1      | 0 ||| qw: Lair rune preference: random
     0 | D:1      | 0 ||| qw: Plans: Normal
     0 | D:1      | 0 ||| PLANNING D:1-11
    43 | D:1      | Found a faded altar of an unknown god.
   220 | D:1      | Reached XP level 2. HP: 16/16 MP: 4/4
   224 | D:1      | Reached skill level 6 in Ranged Weapons
   683 | D:1      | 683 ||| UPGRADING to amulet of guardian spirit.
   688 | D:1      | 688 ||| UPGRADING to ring of resist corrosion.
   689 | D:1      | 689 ||| UPGRADING to +6 ring of dexterity.
   690 | D:1      | 690 ||| READING scroll labelled SYXI YBOFORILI.
   691 | D:1      | 691 ||| READING scroll labelled SAXIFA PAKARPH.
   692 | D:1      | 692 ||| DRINKING 2 coppery potions.
   693 | D:1      | 693 ||| DROPPING scroll of butterflies.
   733 | D:2      | Reached XP level 3. HP: 20/20 MP: 5/5
   773 | D:2      | Reached skill level 7 in Ranged Weapons
   773 | D:2      | 773 ||| FLEEEEING.
  1055 | D:2      | Reached skill level 3 in Dodging
  1171 | D:2      | Reached XP level 4. HP: 25/25 MP: 6/6
  1317 | D:2      | 1317 ||| UPGRADING to +0 pair of boots.
  1322 | D:2      | 1322 ||| UPGRADING to +1 hat.
  1327 | D:2      | 1327 ||| UPGRADING to +0 ring mail.
  1337 | D:2      | 1337 ||| DROPPING +0 leather armour.
  1338 | D:2      | 1338 ||| UPGRADING to +1 helmet.
  1348 | D:2      | 1348 ||| DROPPING +1 hat.
  1349 | D:2      | 1349 ||| READING scroll labelled GAFFEUL NUYXEO.
  1350 | D:2      | 1350 ||| DRINKING 2 emerald potions.
  1351 | D:2      | 1351 ||| READING 4 scrolls of identify.
  1351 | D:2      | 1351 ||| IDENTIFYING fizzy clear potion
  1352 | D:2      | 1352 ||| DROPPING potion of invisibility.
  1353 | D:2      | 1353 ||| DROPPING potion of lignification.
  1488 | D:3      | Identified the +0 hand axe "Gacka" {freeze, MP+9}
  1955 | D:3      | 1955 ||| UPGRADING to +4 ring of protection.
  1957 | D:3      | 1957 ||| UPGRADING to ring of poison resistance.
  1959 | D:3      | 1959 ||| DROPPING ring of resist corrosion.
  1960 | D:3      | 1960 ||| READING scroll labelled BAPISM GYPHIPU.
  1965 | D:3      | 1965 ||| DRINKING 2 amethyst potions.
  1966 | D:3      | 1966 ||| READING 3 scrolls of identify.
  1966 | D:3      | 1966 ||| IDENTIFYING yellow potion
  1967 | D:3      | 1967 ||| DROPPING potion of brilliance.
  2027 | D:4      | Noticed Edmund
  2031 | D:4      | Reached skill level 8 in Ranged Weapons
  2032 | D:4      | HP: 6/25 [gnoll/+0 spear (5)]
  2033 | D:4      | 2033 ||| DRINKING potion of heal wounds.
  2037 | D:4      | HP: 5/25 [something (3)]
  2039 | D:4      | HP: 1/25 [gnoll/+0 spear (4)]
  2041 | D:4      | Mangled by Edmund

Levels and vault maps discovered:
D:1:      ncdulo_halloftheorcs, layout_basic, hellmonk_ecumenical_altar_blasted,
          minmay_tripent
D:2:      layout_basic, minmay_misc_feat_ornament, uniq_sigmund
D:3:      layout_loops_ring
D:4:      nicolae_BIG_FREAKIN_CUBE, layout_loops_corners,
          mainiacjoe_overflow_surrounded_room, minmay_fountain_box,
          hellmonk_no_cap, uniq_blork_the_orc, uniq_edmund, uniq_natasha,
          uniq_crazy_yiuf_cottage

Skill      XL: |  1  2  3  4 |
---------------+-------------+-----
Ranged Weapons | 6 7 8 |  8.1
Dodging        | 3 |  3.0
Fighting       | |  1.5
Stealth        | |  1.2

Action                     |  1- 3 |  4- 6 || total
---------------------------+-------+-------++-------
   Fire: Shortbow          |    85 |    67 ||   152
    Use: Scroll            |     2 |     4 ||     6
         Potion            |     1 |     3 ||     4
 Armour: Leather armour    |     9 |       ||     9
         Ring mail         |       |    12 ||    12
  Dodge: Dodged            |    14 |    29 ||    43

Table legend:
 A = Non-vault XP
 B = Vault XP
 C = Vault XP percentage of total XP
 D = Non-vault monster count
 E = Vault monster count
 F = Vault count percentage of total count
                 A         B        C        D         E       F
            +---------+---------+-------+---------+---------+-------
      Total |     187 |       4 |   2.1 |      54 |       2 |   3.6
            +---------+---------+-------+---------+---------+-------
        D:1 |      26 |       4 |  13.3 |      15 |       2 |  11.8
        D:2 |      85 |       0 |   0.0 |      17 |       0 |   0.0
        D:3 |      49 |       0 |   0.0 |      19 |       0 |   0.0
        D:4 |      27 |       0 |   0.0 |       3 |       0 |   0.0
            +---------+---------+-------+---------+---------+-------
